 Dungeon Crawl Stone Soup version 0.20.1-1-g8b1a95d (webtiles) character file.

443 torrenera the Slasher (level 6, -3/48 HPs)
             Began as a Mummy Fighter on July 19, 2017.
             Slain by an ogre
             ... wielding a +0 giant club
              (13 damage)
             ... on level 4 of the Dungeon.
             The game lasted 00:09:02 (4234 turns).

torrenera the Slasher (Mummy Fighter)               Turns: 4234, Time: 00:09:03

Health: -3/48      AC:  7    Str: 21    XL:     6   Next: 71%
Magic:  6/6        EV:  8    Int:  7    God:
Gold:   171        SH:  9    Dex: 12    Spells: 5/5 levels left

rFire    x . .     SeeInvis .   a - +0 long sword
rCold    + . .     Gourm    .   c - +0 shield
rNeg     + + +     Faith    .   p - +2 ring mail {MR+}
rPois    ∞         Spirit   .   (no helmet)
rElec    .         Reflect  .   (no cloak)
rCorr    .         Harm     .   (no gloves)
MR       +....                  (no boots)
Stlth    +.........             (no amulet)
Regen    0.2/turn               (no ring)
MPRegen  0.1/turn               (no ring)

@: no status effects
A: no food or potions, fire vulnerability, cold resistance 1, negative energy
resistance 3, torment resistance, unbreathing
a: no special abilities


You were on level 4 of the Dungeon.
You were not hungry.

You visited 1 branch of the dungeon, and saw 5 of its levels.

You collected 171 gold pieces.

Inventory:

Hand Weapons
 a - a +0 long sword (weapon)
 e - a +0 hunting sling
 l - a +2 dagger of speed
 m - a cursed -1 dagger
Missiles
 h - 94 stones (quivered)
 n - 19 poisoned needles
Armour
 c - a +0 shield (worn)
 i - a +0 plate armour
 p - a +2 ring mail of magic resistance (worn)
Jewellery
 o - an uncursed ring of teleportation
Scrolls
 b - a scroll of teleportation {unknown}
 d - a scroll of remove curse
 f - a scroll of noise {unknown}
 g - 2 scrolls of identify
 j - a scroll of random uselessness {unknown}


   Skills:
 + Level 4.0 Fighting
 * Level 5.6 Long Blades
 - Level 2.4 Armour
 - Level 2.4 Shields


You had 5 spell levels left.
You didn't know any spells.

Dungeon Overview and Level Annotations

Branches:
Dungeon (5/15)
 Temple: D:4-7

Altars:
Ru

Annotations:
D:5 Pikel


Innate Abilities, Weirdness & Mutations

You do not eat or drink.
Your flesh is vulnerable to fire.
You are immune to poison.
Your flesh is cold resistant. (rC+)
You are immune to negative energy. (rN+++)
You are immune to unholy pain and torment.
You can survive without breathing.


Message History

Your shield prevents you from hitting the ogre.
The ogre is moderately wounded.
The ogre hits you with a giant club!
You hit the ogre.
The ogre is heavily wounded.
You barely miss the ogre.
The ogre is heavily wounded.
You block the ogre's attack.
You hit the ogre.
The ogre is severely wounded.
The ogre hits you with a giant club!!
* * * LOW HITPOINT WARNING * * *
You barely miss the ogre.
The ogre is severely wounded.
The ogre hits you with a giant club.
* * * LOW HITPOINT WARNING * * *
You hit the ogre.
The ogre is severely wounded.
The ogre hits you with a giant club!
You die...

##### ####...# ##########
#......# #...((.(.. #####.##...#
##.#######. #######.........##
###...######. ................#
#...#........
####............#####.....####.##
#.....((.(.(O@......#)## #...
#.!..........######.#.# ####
#............# #.#.#
#............# #.#.########
####.#..........## #.#.........
l................## #.#####.....
####.##.###.##..#.## #.# #.####
###...#.# #.....##.###.# #.#
......#.# ###..####....### #.#


You could see an ogre.

Vanquished Creatures
  A phantom (D:4)
  A howler monkey (D:4)
  A crimson imp (D:5)
  A hound (D:5)
  Jessica (D:3)
  2 worker ants (D:4)
  2 worker ant zombies (D:5)
  A gnoll (D:2)
  3 adders
  2 oozes
  An adder skeleton (D:5)
  2 dart slugs
  6 leopard geckos
  10 orcs
  6 giant cockroaches
  5 goblins
  14 hobgoblins
  8 jackals
  8 kobolds
  2 quokkas
  4 bats
  4 frilled lizards
  5 rats
90 creatures vanquished.

Notes
Turn   | Place    | Note
-------+----------+-------------------------------------------
     0 | D:1      | torrenera the Mummy Fighter began the quest for the Orb.
     0 | D:1      | Reached XP level 1. HP: 18/18 MP: 1/1
   225 | D:1      | Reached skill level 2 in Long Blades
   225 | D:1      | Reached XP level 2. HP: 24/24 MP: 2/2
   878 | D:1      | Reached XP level 3. HP: 29/29 MP: 3/3
  1458 | D:2      | Reached skill level 3 in Long Blades
  1660 | D:2      | Reached XP level 4. HP: 15/36 MP: 4/4
  2068 | D:3      | Noticed Jessica
  2077 | D:3      | Killed Jessica
  2514 | D:3      | Reached XP level 5. HP: 41/41 MP: 5/5
  2630 | D:4      | Reached skill level 4 in Long Blades
  2779 | D:4      | Noticed a phantom
  2838 | D:4      | Killed a phantom
  2838 | D:4      | Reached skill level 5 in Long Blades
  2838 | D:4      | Reached XP level 6. HP: 29/48 MP: 6/6
  3649 | D:5      | Entered Level 5 of the Dungeon
  3896 | D:5      | Found a sacrificial altar of Ru.
  4029 | D:5      | Noticed Pikel
  4029 | D:5      | Noticed a slave
  4030 | D:5      | Noticed a slave
  4031 | D:5      | Noticed a slave
  4156 | D:5      | Noticed a slave
  4234 | D:4      | Slain by an ogre

Skill      XL: |  1  2  3  4  5  6 |
---------------+-------------------+-----
Long Blades    | 2 3 5 |  5.6
Fighting       | 4 |  4.0
Armour         | |  2.4
Shields        | |  2.4

Action                   |  1- 3 |  4- 6 || total
-------------------------+-------+-------++-------
Melee: Long sword        |   121 |   299 ||   420
 Fire: Hunting sling     |       |     4 ||     4
  Use: Scroll            |       |     3 ||     3
Armor: Scale mail        |    40 |       ||    40
       Plate armour      |    29 |   118 ||   147
       Ring mail         |       |    40 ||    40
Dodge: Dodged            |    31 |    76 ||   107
Block: Shield            |    68 |   158 ||   226
       Rpst.: Long sword |     8 |    24 ||    32
